AoeStats
← Onix <3

Arena

512938653Analyzed
3v3 RM · 5d ago on Oct 11, 2026· 66m 13s· 6 players
Game mode
Random Map
Map size
Normal (6 player)
Population
200
Speed
Normal
Resources
Standard
Victory
Conquest
Starting age
Dark Age
Ending age
Imperial Age
RankedLock teamsTeams togetherTeam positionsShared explorationLock speedFull tech treeHidden civsTurbo modeCheats
Victory
Defeat
🇩🇪 Britons · Germany
838
+18
🇩🇪 Teutons · Germany
806
+19
🇩🇪 Gurjaras · Germany
800
+19
vs
🇳🇱 Ethiopians · Netherlands
943
-21
🇳🇱 Spanish · Netherlands
847
-18
🇳🇱 Danes · Netherlands
824
-17
Boris Boef
10:11 Feudal Age
14:00 Castle Age
12:01 Double-Bit Axe
12:13 Horse Collar
15:07 Bow Saw
16:19 Loom
18:07 Loom
19:05 Wheelbarrow
18:17 Town Watch
20:18 Heavy Plow
20:43 Gold Mining
22:18 Gold Shaft Mining
22:51 Padded Archer Armor
23:28 Hand Cart
23:47 Leather Archer Armor
23:54 Fletching
24:38 Stone Mining
25:18 Bodkin Arrow
28:40 Imperial Age
26:14 Town Patrol
26:53 Stone Shaft Mining
25:58 Crossbowman
27:13 Ballistics
29:05 Thumb Ring
30:31 Chemistry
29:34 Bracer
30:05 Ring Archer Armor
28:58 Arbalester
30:34 Conscription
31:59 Torsion Engines
33:06 Torsion Engines
33:59 Siege Engineers
34:06 Masonry
34:07 Fortified Wall
33:54 Murder Holes
36:39 Caravan
36:50 Guilds
37:12 Coinage
44:55 Scale Mail Armor
45:02 Scale Barding Armor
45:09 Forging
46:23 Husbandry
46:12 Heavy Camel Rider
54:28 Chain Barding Armor
54:44 Iron Casting
59:26 Blast Furnace
Nakata
3:20 Loom
3:45 Loom
10:52 Feudal Age
11:20 Horse Collar
11:31 Double-Bit Axe
18:44 Castle Age
18:53 Wheelbarrow
20:16 Bow Saw
21:48 Hand Cart
24:54 Heavy Plow
25:21 Gold Mining
33:04 Imperial Age
32:45 Scale Barding Armor
33:08 Forging
32:59 Scale Mail Armor
33:27 Town Watch
33:52 Cavalier
34:33 Husbandry
34:54 Bloodlines
35:17 Chain Barding Armor
35:13 Chain Mail Armor
35:35 Iron Casting
34:30 Light Cavalry
36:01 Caravan
35:34 Paladin
36:19 Stone Mining
37:54 Plate Mail Armor
38:01 Plate Barding Armor
39:16 Blast Furnace
39:12 Stone Shaft Mining
Pinguïn Bram
12:01 Feudal Age
17:21 Gold Mining
20:45 Stone Mining
23:34 Castle Age
22:36 Scale Mail Armor
22:46 Forging
25:01 Chain Mail Armor
25:22 Iron Casting
28:08 Imperial Age
34:48 Elite Jomsviking
36:41 Plate Mail Armor
37:20 Blast Furnace
43:31 Hamask
44:51 Elite Skirmisher
51:28 Padded Archer Armor
52:06 Fletching
52:32 Leather Archer Armor
55:42 Hoardings
Onix <3
9:24 Loom
11:10 Feudal Age
15:33 Castle Age
13:21 Double-Bit Axe
13:19 Horse Collar
17:21 Bow Saw
20:45 Heavy Plow
24:35 Gold Mining
24:38 Stone Mining
26:09 Gold Shaft Mining
28:56 Imperial Age
27:06 Wheelbarrow
27:44 Town Watch
28:55 Hand Cart
29:07 Ballistics
28:59 Fortified Wall
28:20 Crossbowman
28:54 Fletching
29:05 Padded Archer Armor
30:42 Two-Man Saw
30:13 Conscription
29:54 Bodkin Arrow
30:45 Leather Archer Armor
31:32 Chemistry
30:44 Masonry
30:40 Siege Engineers
30:17 Treadmill Crane
31:16 Bracer
31:32 Town Patrol
32:54 Ring Archer Armor
31:50 Arbalester
33:58 Yeomen
34:50 Architecture
33:56 Capped Ram
35:34 Elite Skirmisher
37:52 Elite Longbowman
40:00 Pikeman
40:41 Squires
40:29 Gambesons
40:57 Forging
40:48 Scale Mail Armor
42:08 Halberdier
43:32 Chain Mail Armor
43:53 Iron Casting
48:13 Plate Mail Armor
48:44 Blast Furnace
47:36 Heavy Scorpion
48:26 Arson
Arvin Veels
1:20 Loom
12:37 Feudal Age
14:26 Wheelbarrow
13:40 Double-Bit Axe
15:44 Horse Collar
19:45 Castle Age
20:53 Bow Saw
22:55 Heavy Plow
23:57 Hand Cart
26:52 Town Watch
27:03 Pikeman
27:44 Squires
32:14 Imperial Age
32:07 Elite Skirmisher
33:27 Gold Mining
33:29 Stone Mining
34:56 Two-Man Saw
34:28 Crop Rotation
34:30 Forging
34:26 Scale Barding Armor
34:22 Scale Mail Armor
34:13 Fletching
34:36 Cavalier
35:58 Stone Shaft Mining
36:27 Iron Casting
38:27 Chain Barding Armor
38:30 Paladin
38:40 Man-at-Arms
39:06 Gambesons
40:48 Fortified Wall
40:45 Siege Engineers
43:03 Plate Barding Armor
43:28 Blast Furnace
42:44 Chain Mail Armor
42:25 Bodkin Arrow
42:30 Padded Archer Armor
54:56 Plate Mail Armor
54:42 Leather Archer Armor
54:52 Conscription
56:53 Heavy Mounted Crossbowman
58:05 Halberdier
58:31 Arson
58:31 Capped Ram
60:47 Elite Teutonic Knight
Cpt Mabutix
0:35 Loom
12:17 Feudal Age
17:00 Double-Bit Axe
19:49 Castle Age
18:44 Wheelbarrow
21:10 Horse Collar
21:48 Bow Saw
24:30 Heavy Plow
24:51 Gold Mining
26:49 Fortified Wall
26:20 Treadmill Crane
26:43 Stone Mining
27:30 Gold Shaft Mining
28:09 Murder Holes
28:22 Scale Barding Armor
29:42 Husbandry
29:53 Bloodlines
31:51 Chain Barding Armor
31:42 Forging
33:26 Stone Shaft Mining
33:18 Masonry
35:28 Kshatriyas
36:37 Elite Skirmisher
54:00 Imperial Age
52:15 Hand Cart
53:11 Iron Casting
54:06 Elite Shrivamsha Rider
55:28 Plate Barding Armor
56:22 Heavy Camel Rider
59:00 Siege Elephant
61:18 Frontier Guards
62:50 Chemistry
Connection lost

Rejoining the realm…

Still unreachable

The connection could not be restored.

Session expired

The server has moved on; the page needs a fresh start.